 Dungeon Crawl Stone Soup version 0.28.0-47-ge53b351184 (webtiles) character file.

Game seed: 12216058563143679168

63 hawla the Stinger (level 3, -1/26 HPs)
             Began as a Draconian Venom Mage on Apr 25, 2022.
             Slain by a water moccasin skeleton (4 damage)
             ... on level 4 of the Dungeon.
             The game lasted 00:04:56 (2622 turns).

hawla the Stinger (Draconian Venom Mage)            Turns: 2622, Time: 00:04:57

Health: -1/26      AC:  6    Str: 10    XL:     3   Next: 87%
Magic:  4/7        EV: 12    Int: 17    God:
Gold:   63         SH:  0    Dex: 11    Spells: 4/7 levels left

rFire   . . .      SeeInvis .   f - staff of conjuration
rCold   . . .      Faith    .   (no shield)
rNeg    . . .      Spirit   .   (armour unavailable)
rPois   .          Reflect  .   (helmet restricted)
rElec   .          Harm     .   (no cloak)
rCorr   .          Rampage  .   c - +0 pair of gloves
Will    .....                   (no boots)
Stlth   ++........              (no amulet)
HPRegen 0.08/turn               (no ring)
MPRegen 0.10/turn               (no ring)

@: mighty
A: AC +5, unfitting armour, cold-blooded
a: no special abilities


You were on level 4 of the Dungeon.
You visited 1 branch of the dungeon, and saw 4 of its levels.

You collected 63 gold pieces.

Inventory:

Armour
 c - a +0 pair of gloves (worn)
Magical Staves
 a - a staff of fire
 f - a staff of conjuration (weapon)
Potions
 b - a potion of might
 e - a potion of heal wounds {unknown}


   Skills:
 + Level 0.2 Fighting
 + Level 0.6 Staves
 + Level 2.0 Dodging
 - Level 1.8 Stealth
 + Level 2.6 Spellcasting
 - Level 1.0 Transmutations
 + Level 4.0 Poison Magic


You had 4 spell levels left.
You knew the following spells:

 Your Spells              Type           Power      Damage    Failure   Level
a - Sting                 Tmut/Pois      40%        1d5       6%          1
b - Poisonous Vapours     Pois/Air       18%        N/A       12%         2

Your spell library contained the following spells:

 Spells                   Type           Power      Damage    Failure   Level
 Mephitic Cloud           Conj/Pois/Air  10%        N/A       30%         3
 Olgreb's Toxic Radiance  Pois           16%        N/A       34%         4
 Fulminant Prism          Conj/Hex       1%         3d6       87%         4
 Iskenderun's Mystic Bla  Conj/Tloc      3%         2d3       87%         4
 Lee's Rapid Deconstruct  Erth           1%         3d5*      99%         5


Dungeon Overview and Level Annotations

Branches:
Dungeon (4/15)
 Temple: D:4-7

Altars:
Fedhas


Innate Abilities, Weirdness & Mutations

Your plain brown scales are hard. (AC +5)
You cannot fit into any form of body armour.
You are cold-blooded and may be slowed by cold attacks.


Message History

You hit the water moccasin skeleton.
You tail-slap the water moccasin skeleton.
The water moccasin skeleton is almost destroyed.
The water moccasin skeleton barely misses you.
You barely miss the water moccasin skeleton.
The water moccasin skeleton is almost destroyed.
The water moccasin skeleton bites you.
You hit the water moccasin skeleton but do no damage.
The water moccasin skeleton is almost destroyed.
The water moccasin skeleton bites you.
The water moccasin skeleton bites you but does no damage.
You hit the water moccasin skeleton but do no damage.
The water moccasin skeleton is almost destroyed.
The water moccasin skeleton bites you.
You hit the water moccasin skeleton but do no damage.
The water moccasin skeleton is almost destroyed.
The water moccasin skeleton bites you but does no damage.
The water moccasin skeleton bites you.
* * * LOW HITPOINT WARNING * * *
Casting: Sting (safe; 6% risk of failure)
Confirm with . or Enter, or press ? or * to list all spells.
Aiming: Sting (safe; 6% risk of failure)
Press: ? - help, Shift-Dir - straight line, f - water moccasin skeleton
Aim: a water moccasin skeleton (almost destroyed, 79% to hit)
The sting hits the water moccasin skeleton.
The water moccasin skeleton partially resists.
The water moccasin skeleton is almost destroyed.
The water moccasin skeleton closely misses you.
You hit the water moccasin skeleton.
The water moccasin skeleton is almost destroyed.
The water moccasin skeleton closely misses you.
You barely miss the water moccasin skeleton.
The water moccasin skeleton is almost destroyed.
The water moccasin skeleton bites you.
* * * LOW HITPOINT WARNING * * *
It was a potion of might.
You feel very mighty all of a sudden.
The water moccasin skeleton bites you but does no damage.
The water moccasin skeleton bites you.
You die...

######
#....#
#.##@#
#.##Z#
#....#
#..###
#...
#.###
#[#
#.#
#.S


You could see a water moccasin skeleton.

Vanquished Creatures
  2 adders (D:2)
  2 dart slugs (D:1)
  A bat (D:1)
  5 endoplasms
  3 giant cockroaches
  A goblin (D:2)
  5 hobgoblins
  A kobold (D:3)
  A quokka (D:1)
  6 ball pythons
  6 frilled lizards
  5 rats
38 creatures vanquished.

Vanquished Creatures (others)
  3 fungi (D:3)
3 creatures vanquished.

Grand Total: 41 creatures vanquished

Notes
Turn   | Place    | Note
-------+----------+-------------------------------------------
     0 | D:1      | hawla the Draconian Venom Mage began the quest for the Orb.
     0 | D:1      | Reached XP level 1. HP: 14/14 MP: 3/3
   384 | D:1      | Reached XP level 2. HP: 20/20 MP: 1/5
   391 | D:1      | Learned a level 2 spell: Poisonous Vapours
  1322 | D:2      | Reached XP level 3. HP: 19/26 MP: 0/6
  1681 | D:2      | Found a faded altar of an unknown god.
  1691 | D:2      | Found a blossoming altar of Fedhas.
  2357 | D:2      | Reached skill level 4 in Poison Magic
  2592 | D:3      | Noticed a phantom
  2622 | D:4      | Slain by a water moccasin skeleton

Illustrated notes

Levels and vault maps discovered:
D:1:      minmay_arrival_doors, layout_rooms, minmay_parallelograms
D:2:      layout_loops_corners, basic_altar, dreamdust_ecumenical_altar_statues
D:3:      layout_rooms, fedhas_altar_3, mainiacjoe_overflow_cross_hatched,
          serial_shops, nicolae_shop_behind_doors
D:4:      layout_basic, overflow_temple_1_default

Skill      XL: |  1  2  3 |
---------------+----------+-----
Dodging        | 2 |  2.0
Poison Magic   | 4 |  4.0
Fighting       | |  0.2
Staves         | |  0.6
Stealth        | |  1.8
Spellcasting   | |  2.6
Transmutations | |  1.0

Action                   || total
-------------------------++-------
Melee: Unarmed           ||     7
       Staff             ||    69
       Tailslap          ||    12
       Punch             ||     1
 Cast: Sting             ||    27
       Poisonous Vapours ||    21
  Use: Scroll            ||     1
       Potion            ||     1
Armor: Skin              ||    22
Dodge: Dodged            ||    49
